 Dungeon Crawl Stone Soup version 0.30.1-11-g7821555f0a (webtiles) character file.

Game seed: 589992157392852189

19616 Amplified the Thaumaturge (level 12, -1/100 HPs)
             Began as an Octopode Venom Mage on Oct 30, 2023.
             Was a High Priest of Ashenzari.
             Slain by a demonic crawler (15 damage)
             ... on level 3 of the Lair of Beasts.
             The game lasted 00:44:16 (17861 turns).

Amplified the Thaumaturge (Octopode Venom Mage)    Turns: 17861, Time: 00:44:16

Health: -1/100     AC: 11    Str: 14    XL:     12   Next: 70%
Magic:  3/29       EV: 25    Int: 28    God:    Ashenzari [*****.]
Gold:   1009       SH:  0    Dex: 28    Spells: 16/37 levels left

rFire   + . .        o - staff of fire "Repose of Ashenzari" (curse) {rF+, Self, Fort} (curse)
rCold   . . .        (no shield)
rNeg    . . .        a - +2 hat of the Fated Incredulity {Bglg, Elem} (curse)
rPois   .            b - amulet "Ensconced Jealousy" {Acrobat, Cun, Range} (curse)
rElec   .            c - ring "Chained With Me" {AC+4, Alch, Cun} (curse)
rCorr   .            t - ring "Paranoia of Ashenzari" {Dex+6, Fort, Cun} (curse)
SInv    +            v - ring "Omniscient Sybil" {Dex+6, Comp, Self} (curse)
Will    +....        B - ring "Lethargy of Ashenzari" {Int+6, Cun, Elem} (curse)
Stlth   +++++++      D - ring "Tethered Regret" {Will+ AC+4 Dex+4, Self, Bglg} (curse)
HPRegen 0.36/turn    E - ring of the Sibylline Moon {Str+6, Cun, Bglg} (curse)
MPRegen 0.21/turn    (no ring)
                     (no ring)

%: acrobat, clarity
@: about to teleport, on berserk cooldown, slowed, very slow
A: almost no armour, amphibious, 8 rings, camouflage 1, gelatinous body 1,
(nimble swimmer 1), tentacles, fangs 1, robust 1
a: Renounce Religion, Shatter the Chains


You were on level 3 of the Lair of Beasts.
You worshipped Ashenzari.
Ashenzari was extremely pleased with you.
You visited 4 branches of the dungeon, and saw 18 of its levels.

You collected 1035 gold pieces.
You spent 26 gold pieces at shops.

Inventory:

Missiles
 d - 3 curare-tipped darts (quivered)
 q - 19 poisoned darts
Armour
 a - the cursed +2 hat of the Fated Incredulity (worn) {Bglg, Elem}
   (You found it on level 6 of the Dungeon)

   It has a curse which improves the following skills: Beguiling: Conjurations,
   Hexes and Translocations.
   Elements:  Fire Magic, Ice Magic, Air Magic and Earth Magic.
 z - a +0 hat
Magical Staves
 n - a staff of death
 o - the cursed staff of fire "Repose of Ashenzari" (weapon) {rF+, Self, Fort}
   (You found it on level 9 of the Dungeon)

   [staff of fire]

   Base accuracy: +5 Base damage: 5 Base attack delay: 1.2 This weapon's minimum
   attack delay (0.6) is reached at skill level 12.
   rF:        It protects you from fire.
   It falls into the 'Staves' category.
   It is a one-tentacled weapon.
   It has a curse which improves the following skills: Introspection: Fighting
   and Spellcasting.
   Fortitude: Shields.
Jewellery
 b - the cursed amulet "Ensconced Jealousy" (around mantle) {Acrobat, Cun, Range}
   (You found it on level 1 of the Dungeon)

   [amulet of the acrobat]

   It increases your evasion while moving and waiting.
   It has a curse which improves the following skills: Cunning: Dodging and
   Stealth.
   Ranged Combat: Ranged Weapons and Throwing.
 c - the cursed ring "Chained With Me" (left tentacle) {AC+4, Alch, Cun}
   (You found it on level 1 of the Dungeon)

   [ring of protection]

   AC:        It affects your AC (+4).
   It has a curse which improves the following skills: Alchemy: Poison Magic and
   Transmutations.
   Cunning:   Dodging and Stealth.
 j - a ring of ice
 t - the cursed ring "Paranoia of Ashenzari" (right tentacle) {Dex+6, Fort, Cun}
   (You found it on level 5 of the Dungeon)

   [ring of dexterity]

   Dex:       It affects your dexterity (+6).
   It has a curse which improves the following skills: Fortitude: Shields.
   Cunning:   Dodging and Stealth.
 v - the cursed ring "Omniscient Sybil" (on tentacle) {Dex+6, Comp, Self}
   (You took it off a gnoll on level 7 of the Dungeon)

   [ring of dexterity]

   Dex:       It affects your dexterity (+6).
   It has a curse which improves the following skills: Companions: Summonings
   and Necromancy.
   Introspection: Fighting and Spellcasting.
 x - a ring of ice
 B - the cursed ring "Lethargy of Ashenzari" (on tentacle) {Int+6, Cun, Elem}
   (You found it on level 7 of the Dungeon)

   [ring of intelligence]

   Int:       It affects your intelligence (+6).
   It has a curse which improves the following skills: Cunning: Dodging and
   Stealth.
   Elements:  Fire Magic, Ice Magic, Air Magic and Earth Magic.
 D - the cursed ring "Tethered Regret" (on tentacle) {Will+ AC+4 Dex+4, Self, Bglg}
   (You found it on level 10 of the Dungeon)

   [ring of protection]

   AC:        It affects your AC (+4).
   Dex:       It affects your dexterity (+4).
   Will:      It increases your willpower.
   It has a curse which improves the following skills: Introspection: Fighting
   and Spellcasting.
   Beguiling: Conjurations, Hexes and Translocations.
 E - the cursed ring of the Sibylline Moon (on tentacle) {Str+6, Cun, Bglg}
   (You found it on level 11 of the Dungeon)

   [ring of strength]

   Str:       It affects your strength (+6).
   It has a curse which improves the following skills: Cunning: Dodging and
   Stealth.
   Beguiling: Conjurations, Hexes and Translocations.
Wands
 g - a wand of iceblast (5)
 h - a wand of light (6)
 i - a wand of polymorph (2)
 w - a wand of flame (14)
 C - a wand of digging (4)
Scrolls
 e - 3 scrolls of amnesia
 l - 6 scrolls of enchant weapon
 m - 3 scrolls of poison
 r - 3 scrolls of enchant armour
 s - 3 scrolls of fear
 y - a scroll of fog
 F - a scroll of brand weapon
 H - a scroll of teleportation
Potions
 f - 2 potions of mutation
 p - 3 potions of attraction
 A - a potion of cancellation
Miscellaneous
 u - a lightning rod (2/4)


   Skills:
 + Level 7.8(12.0) Fighting
 + Level 5.3 Staves
 - Level 5.8(11.4) Dodging
 - Level 8.6(14.4) Stealth
 * Level 9.1(13.3) Spellcasting
 * Level 6.7(10.8) Conjurations
 * Level 1.5(3.0) Summonings
 - Level 3.0(6.4) Translocations
 - Level 5.8(8.0) Transmutations
 - Level 3.0(5.6) Fire Magic
 * Level 6.7(9.9) Earth Magic
 - Level 7.9(10.1) Poison Magic


You had 16 spell levels left.
You knew the following spells:

 Your Spells              Type           Power      Damage    Failure   Level
a - Sting                 Tmut/Pois      100%       1d8       1%          1
b - Poisonous Vapours     Pois/Air       96%        N/A       1%          2
c - Passwall              Tmut/Erth      51%        N/A       1%          2
e - Ensorcelled Hibernat  Hex/Ice        42%        N/A       3%          2
f - Lesser Beckoning      Tloc           100%       N/A       1%          2
g - Volatile Blastmotes   Fire/Tloc      100%       2d18      1%          3
h - Iron Shot             Conj/Erth      33%        9d7       6%          6
i - Call Canine Familiar  Summ           35%        N/A       2%          3

Your spell library contained the following spells:

 Spells                   Type           Power      Damage    Failure   Level
 Summon Small Mammal      Summ           100%       N/A       1%          1
 Blink                    Tloc           100%       N/A       1%          2
 Momentum Strike          Conj/Tloc      100%       3d10      1%          2
 Dazzling Flash           Conj/Hex       100%       N/A       1%          3
 Mephitic Cloud           Conj/Pois/Air  56%        N/A       1%          3
 Iskenderun's Mystic Bla  Conj/Tloc      61%        2d13      1%          4
 Olgreb's Toxic Radiance  Pois           66%        N/A       1%          4
 Blade Hands              Tmut           29%        N/A       3%          5
 Summon Guardian Golem    Hex/Summ       28%        N/A       4%          3
 Swiftness                Air            20%        N/A       8%          3
 Starburst                Conj/Fire      39%        6d11      14%         6
 Animate Armour           Summ/Erth      Unusable   N/A       N/A         4

Dungeon Overview and Level Annotations

Branches:
Dungeon (13/15)            Temple (1/1) D:7            Lair (3/5) D:11
 Spider (0/4) Lair:3          Orc (1/2) D:10
  Swamp: Lair:2-3    Shoals: Lair:2-3    Vaults: D:13-14

Altars:
Ashenzari
Cheibriados
Dithmenos
Elyvilon
Fedhas
Gozag
Hepliaklqana
Kikubaaqudgha
Makhleb
Nemelex Xobeh
Okawaru
Qazlal
Ru
Sif Muna
Trog
Uskayaw
Vehumet
Wu Jian
Xom
Yredelemnul
Zin
The Shining One

Shops:
D:2 *   D:5 *

Portals:
Trove: D:12 (give 5 scrolls of fog)

Annotations:
D:7 4 runed translucent doors
D:12 Josephine


Innate Abilities, Weirdness & Mutations

You cannot wear most types of armour.
You are amphibious.
You can wear up to eight rings at the same time.
Your skin changes colour to match your surroundings (Stealth+).
Your rubbery body absorbs attacks. (AC +1, EV +1)
((You are camouflaged when in or above water. (Stealth+)))
You have tentacles for arms and can constrict up to eight enemies at once.
You have very sharp teeth.
You are robust. (+10% HP)


Message History

You hit the demonic crawler. You squeeze the demonic crawler!
The demonic crawler is moderately wounded.
You barely miss the demonic crawler.
You bite the demonic crawler, but do no damage.
The demonic crawler is moderately wounded.
The demonic crawler looks more healthy.
The demonic crawler hits you! The demonic crawler misses you.
The demonic crawler hits you!
* * * LOW HITPOINT WARNING * * *
You hit the demonic crawler but do no damage.
Your bite misses the demonic crawler. You squeeze the demonic crawler!
The demonic crawler is moderately wounded.
The demonic crawler misses you. The demonic crawler barely misses you.
The demonic crawler completely misses you.
Unknown command.
You feel a strong urge to attack something.
You are no longer berserk.
You are exhausted.
You feel yourself slow down.
As you read the scroll of teleportation, it crumbles to dust.
You feel strangely unstable. The demonic crawler misses you.
The demonic crawler closely misses you. The demonic crawler barely misses you.
The demonic crawler hits you but does no damage.
The demonic crawler misses you. The demonic crawler barely misses you.
Unknown command.
Unknown command.
The demonic crawler misses you. The demonic crawler hits you!
* * * LOW HITPOINT WARNING * * *
The demonic crawler hits you.
* * * LOW HITPOINT WARNING * * *
Unknown command.
Okay, then.
Okay, then.
Okay, then.
Throw: 4 darts (curare)
Press: ? - help, Q - select action, (/) - cycle Shift-Dir - straight line, f/p - demonic crawler
Aim: a demonic crawler (82% to hit)
You throw a curare-tipped dart.
The curare-tipped dart hits the demonic crawler.
The demonic crawler hits you!
You die...

#................#. #..##
##.............####*##..##
#..............#####P...##
#####.#.#....####P.......###
#####....###........)..# *
##..#.#....#.#........... *
###...........#.#..........
................#..........
*
..........@...#.##.........
,..........s....###.........
................##.........
,................#####......
................#* #......
.................#* , ,,
..................# ,,,, * *
, .................., *** *
* .............#### ,, *


You could see a demonic crawler.

Vanquished Creatures
  A hydra (Lair:3)
  Sonja (D:10)
  A cyclops (D:7)
  5 elephants
  5 black mambas
  A torpor snail (Lair:1)
  A gargoyle (D:12)
  5 cane toads
  2 rime drakes
  A kobold demonologist (D:7)
  3 komodo dragons
  4 trolls
  3 polar bears
  Grinder (D:4)
  A slime creature (D:12)
  A shadow (D:12)
  9 yaks
  A vampire (D:11)
  4 basilisks
  2 wraiths
  2 wyverns
  3 vampire mosquitoes
  3 steam dragons
  An acid dragon (D:11)
  6 water moccasins
  2 sky beasts (D:7)
  7 ice beasts
  4 black bears
  An ogre (D:4)
  8 wolves
  3 centaurs
  8 bullfrogs
  A gnoll sergeant (D:7)
  3 scorpions
  12 wights
  7 killer bees
  4 howler monkeys
  A jelly (D:4)
  4 orc priests
  2 hounds
  A sleepcap (D:5)
  Ijyb (D:4)
  3 iguanas
  7 orc wizards
  Robin (D:2)
  11 adders
  8 gnolls
  A shadow imp (D:7)
  A white imp (D:7)
  3 ufetubi
  7 worms
  A dart slug (D:7)
  22 orcs
  6 endoplasms
  3 giant cockroaches
  8 goblins
  13 hobgoblins
  5 kobolds
  A quokka (D:4)
  3 ball pythons
  3 bats
  4 frilled lizards
  7 rats
  A ballistomycete spore (D:4)
255 creatures vanquished.

Vanquished Creatures (collateral kills)
  A cane toad (Lair:2)
  A kobold brigand (D:9)
  An orc (D:9)
  5 kobolds (D:9)
8 creatures vanquished.

Vanquished Creatures (others)
  A vampire mosquito (D:11)
  2 killer bees (D:9)
  3 ballistomycete spores (D:4)
6 creatures vanquished.

Grand Total: 269 creatures vanquished

Notes
Turn   | Place    | Note
-------+----------+-------------------------------------------
     0 | D:1      | Amplified the Octopode Venom Mage began the quest for the
                  | Orb.
     0 | D:1      | Reached XP level 1. HP: 11/11 MP: 3/3
   224 | D:1      | Reached XP level 2. HP: 18/18 MP: 3/5
   515 | D:1      | Learned a level 2 spell: Poisonous Vapours
   602 | D:2      | Found a basalt altar of Yredelemnul.
   694 | D:2      | Reached XP level 3. HP: 22/22 MP: 0/6
   775 | D:2      | Noticed Robin
   797 | D:2      | Killed Robin
   801 | D:2      | Reached skill level 1 in Fighting
   845 | D:2      | Reached XP level 4. HP: 27/28 MP: 1/7
  1030 | D:2      | Found Wuunahet's General Store.
  1080 | D:2      | Bought a scroll of identify for 26 gold pieces
  1438 | D:3      | Reached XP level 5. HP: 30/33 MP: 3/8
  1441 | D:3      | Learned a level 2 spell: Passwall
  2348 | D:4      | Noticed a black bear
  2359 | D:4      | Killed a black bear
  2360 | D:4      | Reached skill level 3 in Spellcasting
  2360 | D:4      | Reached XP level 6. HP: 28/39 MP: 0/10
  2619 | D:4      | Noticed a black bear
  2631 | D:4      | Killed a black bear
  2632 | D:4      | Reached skill level 5 in Poison Magic
  2659 | D:4      | Noticed Ijyb
  2671 | D:4      | Killed Ijyb
  2672 | D:4      | Reached skill level 5 in Stealth
  2672 | D:4      | Reached XP level 7. HP: 35/45 MP: 1/11
  2688 | D:4      | Noticed Grinder
  2720 | D:5      | Entered Level 5 of the Dungeon
  2889 | D:5      | Learned a level 4 spell: Olgreb's Toxic Radiance
  3006 | D:5      | Found a shimmering blue altar of Sif Muna.
  3028 | D:5      | Found Quuwky's General Store.
  3073 | D:5      | Identified the +2 ring mail of the Pit {rPois rN+ rCorr
                  | Int-3}
  3922 | D:6      | Noticed a steam dragon
  3968 | D:7      | Found a staircase to the Ecumenical Temple.
  3980 | Temple   | Entered the Ecumenical Temple
  4027 | Temple   | Became a worshipper of Ashenzari the Shackled
  4050 | D:7      | Reached XP level 8. HP: 48/52 MP: 9/13
  4084 | D:7      | Found a large runed translucent door.
  4086 | D:7      | Found a large runed translucent door.
  4087 | D:7      | Noticed a slime creature
  4088 | D:7      | Noticed a vampire
  4095 | D:7      | Found a large runed translucent door.
  4095 | D:7      | Found a large runed translucent door.
  4840 | D:6      | Reached skill level 4 in Spellcasting
  4964 | D:5      | Learned a level 2 spell: Ensorcelled Hibernation
  5161 | D:4      | Found a sacrificial altar of Ru.
  5174 | D:4      | Killed Grinder
  5753 | D:7      | Reached XP level 9. HP: 38/58 MP: 15/15
  5981 | D:7      | Noticed a kobold demonologist
  6210 | D:7      | Killed a kobold demonologist
  6211 | D:7      | Reached skill level 5 in Dodging
  6488 | D:7      | Noticed a cyclops
  6516 | D:7      | Killed a cyclops
  6517 | D:7      | Reached skill level 5 in Fighting
  6517 | D:7      | Reached skill level 5 in Spellcasting
  6517 | D:7      | Reached skill level 5 in Transmutations
  6528 | D:7      | Identified the +0 scale mail of Bedevilment {rF+ Regen+
                  | Str-5}
  7082 | D:9      | Noticed a troll
  7205 | D:9      | Found a hazy altar of Hepliaklqana.
  7228 | D:9      | Killed a troll
  7229 | D:9      | Reached XP level 10. HP: 8/66 MP: 6/18
  7738 | D:8      | Learned a level 2 spell: Lesser Beckoning
  7765 | D:8      | Reached * piety under Ashenzari
  8059 | D:8      | Reached skill level 1 in Staves
  8258 | D:8      | Paralysed by a hornet for 2 turns
  8327 | D:7      | Learned a level 3 spell: Volatile Blastmotes
  8517 | D:8      | Identified the +0 robe of Wrong Decisions {+Inv}
  8814 | D:8      | Reached skill level 1 in Translocations
  8861 | D:8      | Reached skill level 1 in Fire Magic
  9289 | D:9      | Reached skill level 6 in Spellcasting
  9766 | D:10     | Entered Level 10 of the Dungeon
 10163 | D:10     | Reached ** piety under Ashenzari
 10179 | D:10     | Learned a level 6 spell: Iron Shot
 10294 | D:10     | Noticed a cyan ugly thing
 10332 | D:10     | Noticed Sonja
 10374 | D:9      | Reached skill level 1 in Conjurations
 10374 | D:9      | Reached skill level 1 in Earth Magic
 11147 | D:11     | Reached XP level 11. HP: 26/75 MP: 4/23
 11405 | D:10     | Found a staircase to the Orcish Mines.
 11430 | D:10     | Killed Sonja
 11431 | D:10     | Reached skill level 7 in Spellcasting
 11626 | D:10     | Identified the ring of Ethricso {Will+ AC+4 Dex+4}
 11814 | D:11     | Identified the cursed +2 hat of the Fated Incredulity
                  | {Bglg, Elem} (You found it on level 6 of the Dungeon)
 12280 | D:11     | Found a staircase to the Lair.
 12286 | D:11     | Reached *** piety under Ashenzari
 12875 | D:12     | Found a portal to a secret trove of treasure.
 12881 | D:12     | Noticed a green ugly thing
 12943 | D:12     | Noticed a skeletal warrior
 12943 | D:12     | Noticed a skeletal warrior
 12943 | D:12     | Noticed a skeletal warrior
 13060 | D:12     | Found a stormy altar of Qazlal.
 13177 | D:12     | Noticed a skeletal warrior
 13177 | D:12     | Noticed a skeletal warrior
 13198 | D:12     | Noticed a skeletal warrior
 13210 | D:12     | Noticed a skeletal warrior
 13217 | D:12     | Reached **** piety under Ashenzari
 13282 | D:12     | Noticed a cyclops
 13283 | D:12     | Noticed Josephine
 13323 | Lair:1   | Entered Level 1 of the Lair of Beasts
 13568 | Orc:1    | Entered Level 1 of the Orcish Mines
 13630 | Orc:1    | Noticed an orc high priest
 13635 | Orc:1    | Gained mutation: Your spells are a little easier to cast,
                  | but a little less powerful. [a neqoxec]
 13636 | Orc:1    | Noticed a sun demon
 13636 | Orc:1    | Gained mutation: You are occasionally teleported next to
                  | monsters. [a neqoxec]
 13640 | Orc:1    | Gained mutation: You occasionally lose the ability to drink
                  | potions when taking damage. [a neqoxec]
 13678 | D:10     | Lost mutation: Your spells are a little easier to cast, but
                  | a little less powerful. [potion of mutation]
 13678 | D:10     | Lost mutation: You occasionally lose the ability to drink
                  | potions when taking damage. [potion of mutation]
 13678 | D:10     | Gained mutation: You are agile. (Dex +4, Str/Int -1)
                  | [potion of mutation]
 13678 | D:10     | Gained mutation: You have very sharp teeth. [potion of
                  | mutation]
 13678 | D:10     | Gained mutation: You are very agile. (Dex +8, Str/Int -2)
                  | [potion of mutation]
 13679 | D:10     | Lost mutation: You are occasionally teleported next to
                  | monsters. [potion of mutation]
 13679 | D:10     | Lost mutation: You are very agile. (Dex +8, Str/Int -2)
                  | [potion of mutation]
 13679 | D:10     | Lost mutation: You are agile. (Dex +4, Str/Int -1) [potion
                  | of mutation]
 13679 | D:10     | Gained mutation: You are robust. (+10% HP) [potion of
                  | mutation]
 14250 | Lair:1   | Reached skill level 8 in Spellcasting
 14254 | Lair:1   | Learned a level 3 spell: Call Canine Familiar
 14375 | Lair:1   | Reached skill level 5 in Earth Magic
 14581 | Lair:1   | Reached skill level 5 in Conjurations
 14919 | Lair:1   | Reached XP level 12. HP: 90/93 MP: 24/26
 16104 | Lair:2   | Identified the +6 shortbow of the Hurtling Enemy {drain,
                  | rPois Str-2 Int+8}
 16247 | Lair:2   | Identified the +1 pair of gloves of Gehenna {*Slow rElec
                  | rCorr SInv}
 16527 | Lair:2   | Reached skill level 5 in Staves
 17444 | Lair:3   | Reached skill level 9 in Spellcasting
 17611 | Lair:3   | Found a hole to the Spider Nest.
 17622 | Lair:3   | Reached ***** piety under Ashenzari
 17684 | Lair:3   | Noticed a five-headed hydra
 17720 | Lair:3   | Killed a five-headed hydra
 17721 | Lair:3   | Reached skill level 1 in Summonings
 17861 | Lair:3   | Slain by a demonic crawler

Illustrated notes

Levels and vault maps discovered:
D:1:      psy_arrival_terrarium, layout_rooms
D:2:      layout_rooms, basic_altar, serial_shops,
          nicolae_shop_pleasant_corner_grove, uniq_robin
D:3:      layout_basic, minmay_misc_feat_hallway
D:4:      layout_rooms, mainiacjoe_overflow_chevrons, minmay_quadrilaterals,
          uniq_grinder, uniq_ijyb
D:5:      layout_loops_ring, mainiacjoe_overflow_small_starburst, serial_shops,
          shop
D:6:      layout_loops_cross, minmay_misc_feat_diagonals
D:7:      layout_gridville, minmay_temple_entry_glassed_door,
          minmay_hollow_rounded_squares
D:8:      layout_basic
D:9:      layout_cave_pools, nzn_hepliaklqana_mist_gate,
          kennysheep_generic_room_14
D:10:     layout_big_octagon, orc_0_dummy, uniq_sonja
D:11:     layout_basic, hellmonk_lair_entry_icy
D:12:     layout_basic, enter_trove_1, nicolae_qazlal_scattered_showers,
          uniq_josephine
D:13:     layout_stronghold, gammafunk_ghost_ooze, serial_rivers,
          chequers_serial_rivers_room_a, chequers_serial_rivers_small_b,
          chequers_serial_rivers_micro_b, chequers_serial_rivers_large_b,
          chequers_serial_rivers_marsh
Temple:   hellmonk_temple_of_storms
Lair:1:   layout_cave_shapes
Lair:2:   layout_roguey
Lair:3:   layout_cave_pods, nicolae_swamp_entry_splash_gauntlet,
          nicolae_spider_entry_non_spiders, minivault_24, beast_lair_carwin_3
Orc:1:    emtedronai_trogs_sanctum, layout_caves

Skill      XL: |  1  2  3  4  5  6  7  8  9 10 11 12 |
---------------+-------------------------------------+-----
Stealth        | 3 4 5 7 8 |  8.6
Poison Magic   | 4 5 6 7 |  7.9
Fighting       | 1 2 3 4 5 6 7 |  7.8
Transmutations | 2 3 4 5 |  5.8
Dodging        | 3 4 5 |  5.8
Spellcasting   | 3 4 5 6 8 9 |  9.1
Staves         | 2 4 5 |  5.3
Translocations | 3 |  3.0
Fire Magic     | 3 |  3.0
Conjurations   | 2 5 6 |  6.7
Earth Magic    | 2 5 6 |  6.7
Summonings     | 1 |  1.5

Action                     |  1- 3 |  4- 6 |  7- 9 | 10-12 || total
---------------------------+-------+-------+-------+-------++-------
  Melee: Unarmed           |    53 |    98 |       |       ||   151
         Tentacles         |    14 |    26 |    73 |    87 ||   200
         Constrict         |    12 |    27 |    46 |    37 ||   122
         Punch             |       |     2 |     3 |    10 ||    15
         Staff             |       |    27 |   199 |   238 ||   464
         Bite              |       |       |       |    31 ||    31
  Throw: Throwing net      |       |       |       |     1 ||     1
         Dart              |       |       |       |     2 ||     2
   Cast: Sting             |    19 |    15 |    16 |    34 ||    84
         Poisonous Vapours |     7 |    40 |    70 |    98 ||   215
         Ensorcelled Hiber |       |       |     9 |    12 ||    21
         Olgreb's Toxic Ra |       |       |     3 |       ||     3
         Volatile Blastmot |       |       |       |    95 ||    95
         Lesser Beckoning  |       |       |       |     4 ||     4
         Call Canine Famil |       |       |       |    10 ||    10
         Passwall          |       |       |       |     3 ||     3
         Iron Shot         |       |       |       |    27 ||    27
 Invoke: Curse Item        |       |       |     1 |     8 ||     9
  Evoke: Wand              |       |     2 |    32 |    21 ||    55
         Lightning rod     |       |       |       |     9 ||     9
    Use: Scroll            |     3 |     8 |     7 |    11 ||    29
         Potion            |     1 |     4 |     6 |    14 ||    25
   Stab: Sleeping          |     1 |     1 |     4 |     2 ||     8
         Distracted        |       |     1 |     1 |     6 ||     8
 Armour: Skin              |    13 |    31 |    76 |   128 ||   248
  Dodge: Dodged            |    47 |    95 |   231 |   604 ||   977
